 Dungeon Crawl Stone Soup version 0.20.1-1-g8b1a95d (webtiles) character file.

1780 vatarom the Grave Robber (level 8, -8/64 HPs)
             Began as a Demonspawn Necromancer on Sept 19, 2017.
             Mangled by an orc warrior
             ... wielding a +0 long sword
              (16 damage)
             ... on level 6 of the Dungeon.
             The game lasted 00:23:27 (7775 turns).

vatarom the Grave Robber (Demonspawn Necromancer)   Turns: 7775, Time: 00:23:28

Health: -8/64      AC:  4    Str: 16    XL:     8   Next: 81%
Magic:  1/17       EV: 12    Int: 17    God:
Gold:   244        SH:  0    Dex: 13    Spells: 3/19 levels left

rFire    + . .     SeeInvis .   e - +2 dagger (venom)
rCold    . . .     Gourm    .   (no shield)
rNeg     + . .     Faith    .   j - +1 leather armour {rN+}
rPois    .         Spirit   .   (no helmet)
rElec    .         Reflect  .   (no cloak)
rCorr    .         Harm     .   (no gloves)
MR       .....                  (no boots)
Stlth    +.........             (no amulet)
Regen    0.2/turn               q - +5 ring of strength
MPRegen  0.2/turn               n - ring of loudness (curse)

@: no status effects
A: fire resistance 1, powered by death 2, sturdy frame 1
a: no special abilities


You were on level 6 of the Dungeon.
You were not hungry.

You visited 2 branches of the dungeon, and saw 8 of its levels.

You collected 244 gold pieces.

Inventory:

Hand Weapons
 e - a +2 dagger of venom (weapon)
Armour
 i - a +0 buckler
 j - a +1 leather armour of positive energy (worn)
Jewellery
 d - an uncursed ring of stealth
 g - an uncursed ring of flight
 n - a cursed ring of loudness (right hand)
 p - an uncursed ring of poison resistance {unknown}
 q - a +5 ring of strength (left hand)
 t - a cursed ring of teleportation {unknown}
Wands
 o - a wand of paralysis (4/24)
 r - a wand of lightning (0/15)
Scrolls
 h - 3 scrolls of teleportation
 m - 8 scrolls of identify
 s - a scroll of enchant weapon
 v - a scroll of enchant armour
Potions
 f - 2 potions of might
 l - a potion of degeneration {unknown}
 u - a potion of cancellation {unknown}
Books
 b - a book of Necromancy

   Spells                             Type                      Level
   a - Pain                           Necromancy                   1
   b - Animate Skeleton               Necromancy                   1
   c - Vampiric Draining              Necromancy                   3
   d - Regeneration                   Charms/Necromancy            3
   e - Animate Dead                   Necromancy                   4
   f - Control Undead                 Necromancy                   4
Comestibles
 a - a meat ration
 c - 2 bread rations


   Skills:
 + Level 6.2 Fighting
 + Level 2.2 Armour
 + Level 2.2 Dodging
 - Level 1.7 Stealth
 - Level 6.4 Spellcasting
 - Level 7.7 Necromancy


You had 3 spell levels left.
You knew the following spells:

 Your Spells              Type           Power        Failure   Level  Hunger
a - Pain                  Necr           ####         1%          1    None
b - Animate Skeleton      Necr           N/A          1%          1    None
c - Vampiric Draining     Necr           ####......   1%          3    ##.....
d - Regeneration          Chrm/Necr      ###.......   8%          3    ##.....
e - Control Undead        Necr           ####......   5%          4    ####...
f - Animate Dead          Necr           N/A          5%          4    ####...


Dungeon Overview and Level Annotations

Branches:
Dungeon (7/15)             Temple (1/1) D:6

Altars:
Cheibriados
Dithmenos
Elyvilon
Fedhas
Gozag
Hepliaklqana
Makhleb
Nemelex Xobeh
Okawaru
Qazlal
Ru
Sif Muna
Trog
Uskayaw
Vehumet
Yredelemnul
The Shining One

Annotations:
D:3 Grinder
D:6 Asgaroth's ghost, novice DrGl


Innate Abilities, Weirdness & Mutations

Your flesh is heat resistant. (rF+)
You regenerate health from kills.
Your movements are slightly less encumbered by armour. (ER -2)


Message History

Confirm with . or Enter, or press ? or * to list all spells.
Aiming: Pain
Press: ? - help, Shift-Dir - straight line, f/p - orc warrior
Aim: an orc warrior, wielding a long sword and wearing a chain mail (heavily wounded, chance to defeat MR: 84%)
The orc warrior barely resists.
The orc warrior hits you with a long sword!
* * * LOW HITPOINT WARNING * * *
Casting: Pain
Confirm with . or Enter, or press ? or * to list all spells.
Aiming: Vampiric Draining
Press: ? - help, Shift-Dir - straight line, f/p - orc warrior
Aim: an orc warrior, wielding a long sword and wearing a chain mail (heavily wounded)
The orc warrior is almost dead.
You feel life coursing into your body.
The orc warrior hits you with a long sword!!
* * * LOW HITPOINT WARNING * * *
Asgaroth's ghost turns its malevolent gaze towards you.
You feel better.
The orc warrior hits you with a long sword!
You die...

##.....######.##.>)#
##.........8##.######
#........8..##.....#
'....(..8P....###.##
........P.P..## ##>#
8.8.8(....##.# #)#
.⌠.⌠(...####.## ##o#
8(>(8..## ##.###o##
.(.⌠...#######W.@##
8.8.8.........#.##
(.......#####.#.#
..###...# #.#.#
.(##....#####.#.#
...........##.#.#
(.##....##.##.#.#
..###...##.##.#.#
..###...##......#


You could see an orc warrior, Asgaroth's ghost and an orc.

Vanquished Creatures
  A hornet (D:5)
  2 ice beasts (D:5)
  A phantom (D:5)
  3 centaurs
  An ogre (D:4)
  A bullfrog (D:6)
  A crimson imp (D:6)
  A quasit (D:5)
  An orc priest (D:6)
  A centaur zombie (D:6)
  A gnoll shaman (D:4)
  3 orc wizards
  2 bullfrog skeletons
  2 iguanas (D:4)
  Natasha (D:3)
  5 worker ants (D:4)
  A howler monkey skeleton (D:6)
  8 adders
  A gnoll (D:4)
  A shadow imp (D:5)
  6 worms
  2 dart slugs
  11 leopard geckos
  7 orcs
  11 bats
  3 giant cockroaches
  8 goblins
  6 hobgoblins
  7 jackals
  A quokka (D:6)
  7 frilled lizards
  A jackal zombie (D:6)
  5 kobolds
  A quokka zombie (D:6)
  5 rats
119 creatures vanquished.

Vanquished Creatures (collateral kills)
  A centaur (D:6)
  An ogre (D:4)
  A scorpion (D:4)
  A bullfrog zombie (D:6)
  A centaur zombie (D:6)
  A bullfrog skeleton (D:6)
  An iguana (D:6)
  A worker ant (D:4)
  An adder (D:3)
  2 gnolls (D:4)
  An adder skeleton (D:6)
  A worm (D:2)
  A leopard gecko (D:6)
  An orc (D:4)
  A quokka skeleton (D:4)
  2 rats
18 creatures vanquished.

Grand Total: 137 creatures vanquished

Notes
Turn   | Place    | Note
-------+----------+-------------------------------------------
     0 | D:1      | vatarom the Demonspawn Necromancer began the quest for the Orb.
     0 | D:1      | Reached XP level 1. HP: 13/13 MP: 3/3
     2 | D:1      | Learned a level 1 spell: Animate Skeleton
   285 | D:1      | Gained mutation: You regenerate a little health from kills. [demonic ancestry]
   285 | D:1      | Reached XP level 2. HP: 18/20 MP: 5/5
   339 | D:1      | Reached skill level 1 in Fighting
   471 | D:1      | Reached skill level 5 in Necromancy
   483 | D:1      | Reached XP level 3. HP: 27/27 MP: 6/6
   500 | D:1      | Learned a level 3 spell: Vampiric Draining
  1060 | D:2      | Found a radiant altar of Vehumet.
  1267 | D:2      | Gained mutation: Your flesh is heat resistant. (rF+) [demonic ancestry]
  1267 | D:2      | Reached XP level 4. HP: 25/34 MP: 4/7
  2022 | D:3      | Found a stormy altar of Qazlal.
  2140 | D:3      | Found a hazy altar of Hepliaklqana.
  2307 | D:3      | Reached skill level 1 in Armour
  2484 | D:3      | Noticed Grinder
  2643 | D:3      | Noticed Natasha
  2653 | D:3      | Killed Natasha
  2653 | D:3      | Gained mutation: You regenerate health from kills. [demonic ancestry]
  2653 | D:3      | Reached XP level 5. HP: 22/41 MP: 8/8
  3016 | D:4      | Learned a level 3 spell: Regeneration
  3312 | D:4      | Reached XP level 6. HP: 27/48 MP: 3/9
  3416 | D:4      | Found a bloodstained altar of Trog.
  3870 | D:4      | Reached skill level 6 in Necromancy
  4079 | D:4      | Reached XP level 7. HP: 44/55 MP: 8/12
  4121 | D:4      | Learned a level 4 spell: Control Undead
  4465 | D:4      | Found an iron altar of Okawaru.
  4696 | D:5      | Entered Level 5 of the Dungeon
  5148 | D:5      | Reached skill level 5 in Fighting
  5431 | D:5      | Reached skill level 5 in Spellcasting
  5523 | D:5      | Noticed a hornet
  5529 | D:5      | Killed a hornet
  5529 | D:5      | Reached skill level 7 in Necromancy
  5529 | D:5      | Gained mutation: Your movements are slightly less encumbered by armour. (ER -2) [demonic ancestry]
  5529 | D:5      | Reached XP level 8. HP: 50/63 MP: 14/16
  5535 | D:5      | Learned a level 4 spell: Animate Dead
  5651 | D:5      | Found a glowing golden altar of the Shining One.
  5839 | D:6      | Noticed Asgaroth's ghost (novice DrGl)
  6134 | D:6      | Found a snail-covered altar of Cheibriados.
  6289 | D:6      | Found a staircase to the Ecumenical Temple.
  6388 | Temple   | Entered the Ecumenical Temple
  7593 | D:6      | Found a deep blue altar of Sif Muna.
  7674 | D:6      | Found a snail-covered altar of Cheibriados.
  7771 | D:6      | HP: 1/64 [orc warrior/long sword (22)]
  7775 | D:6      | Mangled by an orc warrior

Skill      XL: |  1  2  3  4  5  6  7  8 |
---------------+-------------------------+-----
Fighting       | 1 2 3 4 5 6 |  6.2
Necromancy     | 5 6 7 |  7.7
Armour         | 1 2 |  2.2
Spellcasting   | 3 5 6 |  6.4
Dodging        | 2 |  2.2
Stealth        | |  1.7

Action                   |  1- 3 |  4- 6 |  7- 9 || total
-------------------------+-------+-------+-------++-------
Melee: Dagger            |    82 |   164 |   194 ||   440
       Unarmed           |     1 |       |       ||     1
 Cast: Pain              |    12 |    38 |    31 ||    81
       Animate Skeleton  |     8 |    13 |    10 ||    31
       Vampiric Draining |     2 |     2 |     9 ||    13
       Regeneration      |       |     1 |     1 ||     2
       Control Undead    |       |       |    17 ||    17
       Animate Dead      |       |       |     4 ||     4
Evoke: Wand              |       |     2 |     5 ||     7
  Use: Scroll            |     3 |     5 |     1 ||     9
       Potion            |     2 |     3 |     2 ||     7
 Stab: Sleeping          |     6 |     5 |       ||    11
       Distracted        |       |     1 |       ||     1
       Paralysed         |       |       |     7 ||     7
  Eat: Chunk             |     2 |    10 |     3 ||    15
       Meat ration       |       |       |     1 ||     1
       Royal jelly       |       |       |     2 ||     2
       Bread ration      |       |       |     1 ||     1
Armor: Robe              |    26 |     5 |       ||    31
       Leather armour    |       |    31 |    83 ||   114
Dodge: Dodged            |    65 |    90 |   173 ||   328
